 Dungeon Crawl Stone Soup version 0.26-a0-952-g76694b35de (webtiles) character file.

Game seed: 2854497274139206584

47 pkoi the Ruffian (level 3, -20/31 HPs)
             Began as a Minotaur Monk on Nov 29, 2020.
             Killed from afar by an adder (22 damage)
             ... with an exploding inner flame
             ... on level 2 of the Dungeon.
             The game lasted 00:01:02 (968 turns).

pkoi the Ruffian (Minotaur Monk)                     Turns: 968, Time: 00:01:03

Health: -20/31     AC:  3    Str: 16    XL:     3   Next: 48%
Magic:  2/2        EV: 13    Int:  7    God:
Gold:   97         SH:  0    Dex: 12    Spells: 2/2 levels left

rFire    . . .     SeeInvis .     - Unarmed
rCold    . . .     Faith    .   (no shield)
rNeg     . . .     Spirit   .   a - +0 robe
rPois    .         Reflect  .   (helmet restricted)
rElec    .         Harm     .   k - +0 cloak
rCorr    .         Rampage  .   (no gloves)
MR       .....                  (no boots)
Stlth    ++........             (no amulet)
HPRegen  0.10/turn              i - ring of flight
MPRegen  0.08/turn              (no ring)

@: mighty
A: retaliatory headbutt, horns 2
a: Evoke Flight


You were on level 2 of the Dungeon.
You visited 1 branch of the dungeon, and saw 2 of its levels.

You collected 97 gold pieces.

Inventory:

Missiles
 c - 24 poisoned darts (quivered)
Armour
 a - a +0 robe (worn)
 k - a +0 cloak (worn)
Jewellery
 i - a ring of flight (left hand)
Scrolls
 b - a scroll of enchant armour {unknown}
 d - a scroll of magic mapping {unknown}
 e - a scroll of teleportation {unknown}
 f - a scroll of remove curse {unknown}
 j - a scroll of identify
 l - a scroll of amnesia


   Skills:
 - Level 3.6 Fighting
 - Level 3.2 Dodging
 - Level 1.5 Stealth
 + Level 5.0 Unarmed Combat


You had 2 spell levels left.
You didn't know any spells.
Your spell library was empty.

Dungeon Overview and Level Annotations

Branches:
Dungeon (2/15)

Altars:


Innate Abilities, Weirdness & Mutations

You reflexively headbutt those who attack you in melee.
You have a pair of horns on your head.


Message History

It was a potion of might.
You feel very mighty all of a sudden. The goblin misses you.
The goblin barely misses you. You furiously retaliate!
You headbutt the goblin!
You kill the goblin!
As you read the scroll labelled HEOLYHERGH YGREP, it crumbles to dust.
It is a scroll of identify.
l - a scroll of amnesia The adder barely misses you.
You furiously retaliate!
You headbutt the adder! The goblin barely misses you. You furiously retaliate!
You headbutt the goblin!
You kill the goblin!
You aren't carrying any potions.
As you read the scroll labelled TOUVUPL ASCHUO, it crumbles to dust.
The creatures around you are filled with an inner flame!
It was a scroll of immolation.
The adder barely misses you. You furiously retaliate!
You headbutt the adder!
The adder explodes!
The fiery explosion engulfs you!!
Ouch! That really hurt!
You die...

######## ########......#
#.............#
####............§##############.
................@§§g............
.###............§gKg..###.......
.################......)........
....# #.....##(....... .##.#
#.....##........ .##.#####...
#.....##.g...... ............
#.....##.g...... .##.#####...
#..)..##.#.##... .##.#####..
####.###.#.# ..


You could see 3 gnolls and a kobold (inner flame).

Vanquished Creatures
  A gnoll (D:2)
  2 adders (D:2)
  A dart slug (D:1)
  A leopard gecko (D:1)
  A ball python (D:1)
  2 bats (D:1)
  3 giant cockroaches
  3 hobgoblins (D:1)
  A frilled lizard (D:1)
  5 goblins
  2 kobolds (D:1)
  3 rats (D:1)
25 creatures vanquished.

Notes
Turn   | Place    | Note
-------+----------+-------------------------------------------
     0 | D:1      | pkoi the Minotaur Monk began the quest for the Orb.
     0 | D:1      | Reached XP level 1. HP: 19/19 MP: 0/0
   146 | D:1      | Reached XP level 2. HP: 17/26 MP: 1/1
   147 | D:1      | Reached skill level 4 in Unarmed Combat
   864 | D:2      | Reached XP level 3. HP: 26/31 MP: 2/2
   957 | D:2      | Reached skill level 5 in Unarmed Combat
   959 | D:2      | HP: 1/31 [gnoll/+0 spear (6)]
   968 | D:2      | Killed from afar by an adder

Illustrated notes

Levels and vault maps discovered:
D:1:      erik_arrival_blinker_ship, layout_basic
D:2:      layout_basic, uniq_jessica

Skill      XL: |  1  2  3 |
---------------+----------+-----
Unarmed Combat | 4 5 |  5.0
Fighting       | |  3.6
Dodging        | |  3.2
Stealth        | |  1.5

Action                   || total
-------------------------++-------
Melee: Unarmed           ||    52
       Headbutt          ||     7
       Punch             ||     1
  Use: Scroll            ||     2
       Potion            ||     1
 Stab: Sleeping          ||     3
Armor: Robe              ||     5
Dodge: Dodged            ||    38

Table legend: (Time is in decaauts)
 A = Elapsed time spent in this place.
 B = Non-inter-level travel time spent in this place.
 C = Inter-level travel time spent in this place.
 D = Time resting spent in this place.
 E = Time spent auto-exploring this place.
 F = Levels seen in this place.
 G = Mean time per level.
                   A        B        C        D        E       F      G
               +--------+--------+--------+--------+--------+-----+--------+
         Total |    963 |    926 |     37 |      0 |    778 |   2 |  481.5 |
       Dungeon |    963 |    926 |     37 |      0 |    778 |   2 |  481.5 |
               +--------+--------+--------+--------+--------+-----+--------+

Top non-repeatable levels by time:
     D:1: 830 daAuts
     D:2: 133 daAuts
